 Dungeon Sprint DCSS version 0.27.1-1-g398f81649c (webtiles) character file.

Game seed: 16505928109098630671

2701 styxcanada the Imperceptible (level 9, -3/49 HPs)
             Began as a Spriggan Brigand on Sept 6, 2021.
             Was an Initiate of Gozag.
             Slain by a wandering mushroom (8 damage)
             ... in the Dungeon (Sprint IV: "Fedhas' Mad Dash").
             The game lasted 00:05:33 (798 turns).

styxcanada the Imperceptible (Spriggan Brigand)      Turns: 798, Time: 00:05:34

Health: -3/49      AC:  1    Str:  7    XL:     9   Next: 38%
Magic:  10/10      EV: 24    Int: 12    God:    Gozag
Gold:   900        SH:  6    Dex: 20    Spells: 8/8 levels left

rFire    + . .     SeeInvis +   m - +1 dagger (venom)
rCold    + . .     Faith    .   n - +0 buckler
rNeg     . . .     Spirit   .   o - +2 robe {rC+ rF+}
rPois    .         Reflect  .   (helmet restricted)
rElec    .         Harm     .   c - +0 cloak
rCorr    .         Rampage  .   (gloves unavailable)
Will     +....     NoTele   +   (boots unavailable)
Stlth    +++++++++.             j - amulet of invisibility {+Inv}
HPRegen  0.16/turn              (no ring)
MPRegen  0.12/turn              (no ring)

@: corroded, gold aura, very slightly contaminated, invisible, very quick
A: very small, no large weapons, unfitting armour, see invisible, speed 3
a: Renounce Religion, Evoke Invisibility, Potion Petition, Call Merchant, Bribe
Branch


You were in the Dungeon.
You worshipped Gozag.
Gozag was pleased with you.
You visited 1 branch You collected 1332 gold pieces.
You spent 432 gold pieces at shops.

Inventory:

Hand Weapons
 a - a +2 dagger
 m - a +1 dagger of venom (weapon)
 s - a +2 morningstar of holy wrath
Missiles
 d - 8 poisoned darts (quivered)
 e - a curare-tipped dart
Armour
 c - a +0 cloak (worn)
 n - a +0 buckler (worn)
 o - a +2 robe of resistance (worn)
 p - a +2 robe of willpower
Jewellery
 b - an amulet of reflection
 j - the amulet of invisibility (around neck) {+Inv}
   (You found it in the Dungeon)

   [amulet of nothing]

   +Inv:      It lets you turn invisible.
Scrolls
 k - a scroll of blinking
 l - 3 scrolls of identify
 q - a scroll of magic mapping
 r - a scroll of summoning
Potions
 f - 2 potions of curing
 g - a potion of heal wounds
 h - 2 potions of haste
 i - 2 potions of magic


   Skills:
 * Level 6.5 Fighting
 + Level 5.0 Short Blades
 + Level 6.6 Throwing
 * Level 10.0 Dodging
 * Level 22.8 Stealth
 + Level 7.5 Evocations


You had 8 spell levels left.
You didn't know any spells.
Your spell library was empty.

Dungeon Overview and Level Annotations

Branches:
Dungeon (1/1)

Altars:
Cheibriados
Dithmenos
Elyvilon
Gozag
Hepliaklqana
Kikubaaqudgha
Makhleb
Nemelex Xobeh
Okawaru
Qazlal
Ru
Sif Muna
Trog
Uskayaw
Vehumet
Wu Jian
Xom
Yredelemnul
Zin
The Shining One
Beogh
Jiyva
Lugonu

Shops:
D [[=?


Innate Abilities, Weirdness & Mutations

You are very small and have problems with some larger weapons.
You are too small for most types of armour.
You have supernaturally acute eyesight. (SInv)
You cover ground extremely quickly. (Speed+++)


Message History

You skewer the burning bush like a kebab!!!!
You destroy the burning bush!
Your Stealth skill increases to level 22!
Unknown command.
You hit the oklob plant but do no damage.
The oklob plant is poisoned.
The oklob plant spits acid at you. The splash of acid hits you!
The acid corrodes you!
You are splashed with acid!
Unknown command.
You catch the helpless oklob plant completely off-guard!
You spit the oklob plant like a pig!!!
The oklob plant is severely damaged.
You hit the oklob plant but do no damage.
The oklob plant is severely damaged.
The wandering mushroom releases spores at you!!
* * * LOW HITPOINT WARNING * * *
You are engulfed in a cloud of spores!
You completely miss the oklob sapling.
Unknown command.
You catch the helpless oklob sapling completely off-guard!
You skewer the oklob sapling like a kebab!!!
You destroy the oklob sapling!
The wandering mushroom completely misses you.
You hit the wandering mushroom but do no damage.
Unknown command.
You catch the helpless oklob plant completely off-guard!
You skewer the oklob plant like a kebab!!!
You destroy the oklob plant!
Your Short Blades skill increases to level 5!
Your Dodging skill increases to level 10!
Your Evocations skill increases to level 7!
The wandering mushroom completely misses you.
You hit the wandering mushroom but do no damage.
You hit the wandering mushroom but do no damage.
You block the wandering mushroom's attack.
You hit the wandering mushroom but do no damage.
You hit the wandering mushroom but do no damage.
The wandering mushroom releases spores at you!
You die...
Your body crumbles into a pile of gold.

#<...#.....#.....#.⌠._._._._.⌠.
#P...'.....'.#...'.._._._._._..
#PPP.#.....#.#...#..._._._._...
###############'##.._._._._._..
#...♣........'...#._._._._._.⌠.
#......♣.....#...##############
#.....♣..♣..###### $
##'####'######$:+
#..#....'.....@f#
#.[#..###$...$..# $$ $ #######
#########


You could see a wandering mushroom.

Vanquished Creatures
  2 oklob plants (D)
  3 burning bushes (D)
  2 wandering mushrooms (D)
  A queen bee (D)
  3 scorpions (D)
  4 killer bees (D)
  5 oklob saplings (D)
  2 spriggans (D)
  A river rat (D)
  A rat (D)
24 creatures vanquished.

Vanquished Creatures (others)
  3 fungi (D)
3 creatures vanquished.

Grand Total: 27 creatures vanquished

Notes
Turn   | Place    | Note
-------+----------+-------------------------------------------
     0 | D        | styxcanada the Spriggan Brigand began the quest for the
                  | Orb.
     0 | D        | Reached XP level 1. HP: 10/10 MP: 2/2
    16 | D        | Reached skill level 7 in Stealth
    16 | D        | Reached XP level 2. HP: 15/15 MP: 3/3
    36 | D        | Noticed an oklob sapling
    40 | D        | Killed an oklob sapling
    41 | D        | Reached skill level 9 in Stealth
    41 | D        | Reached XP level 3. HP: 18/18 MP: 4/4
   178 | D        | Noticed a scorpion
   178 | D        | Found the amulet of invisibility {+Inv}
   180 | D        | Killed a scorpion
   181 | D        | Reached skill level 12 in Stealth
   181 | D        | Reached XP level 4. HP: 23/23 MP: 5/5
   205 | D        | Found an opulent altar of Gozag.
   205 | D        | Found a hazy altar of Hepliaklqana.
   205 | D        | Found a burning altar of Makhleb.
   205 | D        | Found a sparkling altar of Nemelex Xobeh.
   205 | D        | Found a snail-covered altar of Cheibriados.
   205 | D        | Found a sacrificial altar of Ru.
   205 | D        | Found a shimmering blue altar of Sif Muna.
   205 | D        | Found a shimmering altar of Xom.
   205 | D        | Found a basalt altar of Yredelemnul.
   206 | D        | Found a viscous altar of Jiyva.
   206 | D        | Found a bloodstained altar of Trog.
   206 | D        | Found an ornate altar of the Wu Jian Council.
   207 | D        | Found an iron altar of Okawaru.
   207 | D        | Found a shadowy altar of Dithmenos.
   207 | D        | Found a glowing silver altar of Zin.
   208 | D        | Found an ancient bone altar of Kikubaaqudgha.
   208 | D        | Found a hide-covered altar of Uskayaw.
   209 | D        | Found a stormy altar of Qazlal.
   209 | D        | Found a white marble altar of Elyvilon.
   209 | D        | Found a glowing golden altar of the Shining One.
   210 | D        | Became a worshipper of Gozag Ym Sagoz the Greedy
   211 | D        | Found a corrupted altar of Lugonu.
   211 | D        | Found a radiant altar of Vehumet.
   215 | D        | Reached skill level 13 in Stealth
   215 | D        | Reached XP level 5. HP: 28/28 MP: 3/6
   227 | D        | Reached skill level 14 in Stealth
   227 | D        | Reached skill level 1 in Evocations
   275 | D        | Reached skill level 5 in Dodging
   276 | D        | Reached skill level 15 in Stealth
   293 | D        | Reached XP level 6. HP: 13/33 MP: 5/7
   318 | D        | Found Hukiet's Armour Shop.
   318 | D        | Found Voes's Armour Emporium.
   325 | D        | Bought a +2 robe of willpower for 194 gold pieces
   478 | D        | Noticed a burning bush
   478 | D        | Noticed a wandering mushroom
   479 | D        | Noticed a wandering mushroom
   482 | D        | Killed a burning bush
   483 | D        | Reached skill level 17 in Stealth
   483 | D        | Killed a wandering mushroom
   484 | D        | Reached skill level 5 in Throwing
   484 | D        | Reached skill level 18 in Stealth
   484 | D        | Reached XP level 7. HP: 38/38 MP: 5/8
   484 | D        | Killed a wandering mushroom
   485 | D        | Reached skill level 5 in Fighting
   485 | D        | Reached skill level 19 in Stealth
   497 | D        | Found Wothig's Magic Scroll Emporium.
   497 | D        | Found Locaet's Jewellery Shoppe.
   505 | D        | Bought a scroll of identify for 28 gold pieces
   505 | D        | Bought a scroll of identify for 28 gold pieces
   505 | D        | Bought a scroll of magic mapping for 49 gold pieces
   505 | D        | Bought a scroll of summoning for 133 gold pieces
   543 | D        | Reached XP level 8. HP: 43/43 MP: 6/9
   549 | D        | Noticed a queen bee
   556 | D        | Killed a queen bee
   557 | D        | Reached skill level 20 in Stealth
   559 | D        | Reached skill level 5 in Evocations
   636 | D        | Noticed an oklob plant
   639 | D        | Killed an oklob plant
   640 | D        | Reached skill level 21 in Stealth
   706 | D        | Noticed a burning bush
   709 | D        | Killed a burning bush
   710 | D        | Reached XP level 9. HP: 48/48 MP: 7/10
   777 | D        | Noticed a burning bush
   777 | D        | Noticed an oklob plant
   778 | D        | Noticed a wandering mushroom
   779 | D        | Killed a burning bush
   780 | D        | Reached skill level 22 in Stealth
   792 | D        | Killed an oklob plant
   793 | D        | Reached skill level 5 in Short Blades
   793 | D        | Reached skill level 10 in Dodging
   798 | D        | Slain by a wandering mushroom

Illustrated notes

Levels and vault maps discovered:
D:        dungeon_sprint_fedhas [sprint_temple]

Skill      XL: |  1  2  3  4  5  6  7  8  9 |
---------------+----------------------------+-----
Dodging        | 2 3 4 5 7 9 10 | 10.0
Stealth        | 7 9 12 13 15 18 19 21 22 | 22.8
Fighting       | 2 3 4 5 6 |  6.5
Short Blades   | 3 4 5 |  5.0
Throwing       | 3 4 5 6 |  6.6
Evocations     | 1 3 4 6 7 |  7.5

Action                   |  1- 3 |  4- 6 |  7- 9 || total
-------------------------+-------+-------+-------++-------
Melee: Dagger            |     3 |     7 |    24 ||    34
Throw: Dart              |    10 |     6 |       ||    16
 Abil: Evoke Invisibilit |       |     3 |     4 ||     7
  Use: Potion            |     1 |       |       ||     1
       Scroll            |       |       |     2 ||     2
 Stab: Sleeping          |     1 |     6 |     8 ||    15
       Invisible         |       |       |     4 ||     4
Dodge: Dodged            |     3 |       |     4 ||     7
Block: Buckler           |       |       |     4 ||     4
